 Dungeon Crawl Stone Soup version 0.22.0-49-gab54619 (webtiles) character file.

97 Loudmushroom the Skirmisher (level 4, -5/29 HPs)
             Began as a Gargoyle Fighter on Sept 5, 2018.
             Killed from afar by an orc wizard (8 damage)
             ... with a puff of frost
             ... on level 3 of the Dungeon.
             The game lasted 00:09:11 (2017 turns).

Loudmushroom the Skirmisher (Gargoyle Fighter)      Turns: 2017, Time: 00:09:12

Health: -5/29      AC: 10    Str: 20    XL:     4   Next: 68%
Magic:  4/4        EV:  7    Int:  9    God:
Gold:   58         SH:  9    Dex:  9    Spells: 3/3 levels left

rFire    . . .     SeeInvis .   a - +0 war axe
rCold    . . .     Gourm    .   c - +0 shield
rNeg     + . .     Faith    .   j - +0 scale mail
rPois    ∞         Spirit   .   (no helmet)
rElec    +         Reflect  .   (no cloak)
rCorr    .         Harm     .   (no gloves)
MR       .....                  (no boots)
Stlth    ..........             (no amulet)
HPRegen  0.09/turn              (no ring)
MPRegen  0.09/turn              (no ring)

@: no status effects
A: negative energy resistance 1, electricity resistance, unbreathing,
petrification resistance, rot immunity, AC +3
a: no special abilities


You were on level 3 of the Dungeon.
You were not hungry.

You visited 1 branch of the dungeon, and saw 3 of its levels.

You collected 58 gold pieces.

Inventory:

Hand Weapons
 a - a +0 war axe (weapon)
 b - a +0 hunting sling
 h - a cursed -2 mace
Missiles
 e - 90 stones (quivered)
 o - 13 poisoned needles
 q - 5 curare-tipped needles
Armour
 c - a +0 shield (worn)
 j - a +0 scale mail (worn)
Jewellery
 p - an uncursed ring of protection from cold {unknown}
Scrolls
 k - a scroll of amnesia {unknown}
 m - 2 scrolls of identify {unknown}
Potions
 d - a potion of might
 i - a potion of curing {unknown}
 l - a potion of flight {unknown}
 n - 2 potions of brilliance {unknown}
 r - 2 potions of lignification {unknown}
 s - a potion of resistance {unknown}
Comestibles
 f - 2 rations


   Skills:
 + Level 3.9 Fighting
 * Level 3.0 Axes
 + Level 3.9 Armour
 + Level 3.9 Shields


You had 3 spell levels left.
You didn't know any spells.
Your spell library was empty.

Dungeon Overview and Level Annotations

Branches:
Dungeon (3/15)

Altars:


Innate Abilities, Weirdness & Mutations

You are resistant to torment.
Your stone body is resilient. (AC +3)
You are immune to poison.
You resist negative energy. (rN+)
You are resistant to electric shocks. (rElec)
You can survive without breathing.
You are immune to petrification.
You are immune to rotting.


Message History

The orc priest shouts!
You hear a shout!
The orc priest looks encouraged for a moment.
You eat one of the 3 rations.
That ration really hit the spot!
An orc wizard comes into view. It is wielding a dagger of draining.
The orc priest invokes the aid of Beogh against you.
Beogh smites you!
Ouch! That really hurt!
The orc wizard shouts!
An orc comes into view. It is wielding a dagger.
Found 17 gold pieces.
An orc comes into view. It is wielding a trident.
The orc shouts! x2
The orc priest calls down the wrath of Beogh upon you.
Beogh smites you!
* * * LOW HITPOINT WARNING * * *
The orc moves out of view.
You hear the slow rusting of a very distant drain.
The orc wizard points at you and mumbles some strange words.
The puff of frost hits you!
You die...

### ##.## ####
####...#### ...###
##.........# ....#
#..........# #.#$#
#..#.....#.##
#.##.#.###..##†.......
#.oo.@......#.....#.##
#..#.#.####.##...##.#
#.. .oo#.# #....<....#
# #......# #####.#####
##.##### #.# #. #+# #


You could see an orc priest, an orc wizard and 2 orcs.

Vanquished Creatures
  5 adders (D:2)
  2 leopard geckos (D:1)
  2 giant cockroaches (D:2)
  5 goblins
  4 hobgoblins
  13 jackals
  A quokka (D:2)
  A bat (D:2)
  4 frilled lizards
  8 kobolds
  A rat (D:2)
46 creatures vanquished.

Notes
Turn   | Place    | Note
-------+----------+-------------------------------------------
     0 | D:1      | Loudmushroom the Gargoyle Fighter began the quest for the
                  | Orb.
     0 | D:1      | Reached XP level 1. HP: 14/14 MP: 1/1
   230 | D:1      | Reached XP level 2. HP: 19/19 MP: 2/2
   852 | D:2      | Reached XP level 3. HP: 23/23 MP: 3/3
  1074 | D:2      | Reached XP level 4. HP: 23/29 MP: 4/4
  2017 | D:3      | Killed from afar by an orc wizard

Skill      XL: |  1  2  3  4 |
---------------+-------------+-----
Axes           | 2 3 |  3.0
Fighting       | |  3.9
Armour         | |  3.9
Shields        | |  3.9

Action                   |  1- 3 |  4- 6 || total
-------------------------+-------+-------++-------
Melee: War axe           |   120 |    92 ||   212
  Eat: Chunk             |     1 |     2 ||     3
       Ration            |       |     1 ||     1
Armor: Scale mail        |    72 |    59 ||   131
Dodge: Dodged            |    39 |    21 ||    60
Block: Shield            |    75 |    68 ||   143
